cohdb
Replays
Latest Replays
All Replays
Popular Replays
Top Player Replays
Match Explorer
How It Works
Community
CoH3 Stats
Reddit
Sign in to upload your games and track your stats! →
Sign in with Steam
Match 43204405
Unlisted
Match 43204405
Overview
Messages
Build Orders
End
Kradschützen Motorcycle Team
Selects Italian Combined Arms Battlegroup
Selects Bersaglieri Squad
Bersaglieri Squad
Bersaglieri Squad
Construct Light Support Kompanie
Selects Bersaglieri Bolster
Bersaglieri Squad
2.5-tonne Medical Truck
Fire Support Elements
Flakvierling Half-track
Pak 38 Mechanized Group
Panzerpioneer Squad
Selects Breda Model 30 Light Machine Guns
Vehicle Survival Package
Construct Panzerarmee Kommand
Emergency Repair Kits
Selects Semovente da 75/18 Assault Gun
Selects Strafing Run
Panzer III L Medium Tank
Armored Reserves
Selects Pact of Steel
Strafing Run
Walking Stuka Rocket Launcher
Walking Stuka Rocket Launcher
Rapid Advance
Advanced Optics
Panzer IV Assault Group
Tungsten Core Ammunition
Strafing Run
MrGlaucus
Discoverer
Kale: Son of Lettuce
Baja Doughman
0
0
Comments
sign in to comment!
No comments posted yet!